 Dungeon Sprint DCSS version 0.23.0 (webtiles) character file.

Game seed: 14100776389116823901

2251 Kairos the Blocker (level 9, 0/79 HPs)
             Began as a Formicid Fighter on Feb 12, 2019.
             Was a Priest of Okawaru.
             Slain by a demonic crawler (4 damage)
             ... in the Dungeon (Sprint I: "Red Sonja").
             The game lasted 00:06:12 (1818 turns).

Kairos the Blocker (Formicid Fighter)               Turns: 1818, Time: 00:06:12

Health: 0/79       AC: 10    Str: 28    XL:     9   Next: 64%
Magic:  5/9        EV: 15    Int:  8    God:    Okawaru [***...]
Gold:   8          SH: 15    Dex: 10    Spells: 8/8 levels left

rFire    . . .     SeeInvis +   a - +0 quarterstaff
rCold    . . .     Gourm    .   c - +0 shield
rNeg     + . .     Faith    .   b - +0 scale mail
rPois    .         Spirit   .   (helmet unavailable)
rElec    .         Reflect  .   (no cloak)
rCorr    .         Harm     .   (no gloves)
MR       .....                  (no boots)
Stlth    ++........             (no amulet)
HPRegen  0.23/turn              n - +4 ring of strength
MPRegen  0.11/turn              f - ring of positive energy (curse)

@: heroism
A: permanent stasis, dig shafts and tunnels, four strong arms, antennae 3
a: Dig, Heroism, Renounce Religion


You were in the Dungeon.
You worshipped Okawaru.
Okawaru was most pleased with you.
You were not hungry.

You visited 1 branch You collected 536 gold pieces.
You spent 528 gold pieces at shops.

Inventory:

Hand Weapons
 a - a +0 quarterstaff (weapon)
 e - a +7 blowgun
Missiles
 g - 9 curare-tipped needles
Armour
 b - a +0 scale mail (worn)
 c - a +0 shield (worn)
Jewellery
 f - a cursed ring of positive energy (right hand)
 n - a +4 ring of strength (left hand)
Scrolls
 k - a scroll of blinking
 m - a scroll of remove curse {unknown}
Potions
 d - a potion of might
 h - a potion of haste
 i - 2 potions of magic
 j - a potion of berserk rage
 l - a potion of lignification {unknown}


   Skills:
 + Level 10.6(15.6) Fighting
 + Level 10.6(15.6) Staves
 + Level 10.9(15.9) Armour
 + Level 5.6(10.6) Dodging
 + Level 2.0(7.0) Stealth
 + Level 12.7(17.7) Shields
 + Level 1.3 Invocations


You had 8 spell levels left.
You didn't know any spells.
Your spell library was empty.

Dungeon Overview and Level Annotations

Branches:
Dungeon (1/1)

Altars:
Cheibriados
Dithmenos
Elyvilon
Fedhas
Gozag
Hepliaklqana
Kikubaaqudgha
Makhleb
Nemelex Xobeh
Okawaru
Qazlal
Ru
Sif Muna
Trog
Uskayaw
Vehumet
Wu Jian
Xom
Yredelemnul
Zin
The Shining One
Jiyva
Lugonu

Shops:
D ==


Innate Abilities, Weirdness & Mutations

You cannot be hasted, slowed, berserked, paralysed or teleported.
You can dig through walls and to a lower floor.
Your four strong arms can wield two-handed weapons with a shield.
You have a pair of large antennae on your head. (SInv)


Message History

The demonic crawler hits you.
* * * LOW HITPOINT WARNING * * *
You thump the demonic crawler!
The demonic crawler is lightly wounded.
The demonic crawler hits you but does no damage.
You block the demonic crawler's attack. The demonic crawler barely misses you.
You sock the demonic crawler!
The demonic crawler is moderately wounded.
You hit the demonic crawler.
The demonic crawler is heavily wounded.
You feel like a meek peon again. You block the demonic crawler's attack.
The demonic crawler hits you.
* * * LOW HITPOINT WARNING * * *
The demonic crawler hits you!
* * * LOW HITPOINT WARNING * * *
You gain the combat prowess of a mighty hero.
The demonic crawler hits you but does no damage.
The demonic crawler closely misses you. You block the demonic crawler's attack.
The demonic crawler hits you.
You die...

##########################
#<.#..').#..'..#__#.)')..#
#..').#..').#.s'^.s.[#...#
#..#####'#####s#__####§..'..#
#..####..#...#@####$§ ####..+
#..#__####..##.#§≈≈§{ ##
#..#_____##'#_.+§≈§ {
#⌠⌠#_.∩...'..._#§§§§c
####_..__##_.#'##+###
#_____###'#.#
############.###
#∩........+...+ {
###++++####...#


You could see 2 demonic crawlers.

Vanquished Creatures
  Sonja (D)
  2 kobold demonologists (D)
  2 demonic crawlers (D)
  A slime creature (D)
  Sigmund (D)
  A yak (D)
  A floating eye (D)
  An ogre (D)
  A jelly (D)
  Ijyb (D)
12 creatures vanquished.

Notes
Turn   | Place    | Note
-------+----------+-------------------------------------------
     0 | D        | Kairos the Formicid Fighter began the quest for the Orb.
     0 | D        | Reached XP level 1. HP: 18/18 MP: 1/1
     2 | D        | Noticed Ijyb
    16 | D        | Killed Ijyb
    16 | D        | Reached skill level 5 in Shields
    16 | D        | Reached XP level 2. HP: 23/26 MP: 2/2
    16 | D        | Reached XP level 3. HP: 27/31 MP: 3/3
    21 | D        | Noticed an ogre
    28 | D        | Killed an ogre
    28 | D        | Reached skill level 7 in Shields
    28 | D        | Reached XP level 4. HP: 6/40 MP: 4/4
    28 | D        | Reached XP level 5. HP: 7/46 MP: 5/5
   297 | D        | Noticed Sigmund
   319 | D        | Killed Sigmund
   319 | D        | Reached skill level 5 in Staves
   319 | D        | Reached skill level 8 in Shields
   319 | D        | Reached XP level 6. HP: 29/55 MP: 6/6
   476 | D        | Found an ornate altar of the Wu Jian Council.
   476 | D        | Found a deep blue altar of Sif Muna.
   478 | D        | Found a radiant altar of Vehumet.
   483 | D        | Reached skill level 9 in Shields
   499 | D        | Found Paom Epu's Jewellery Emporium.
   499 | D        | Found an ancient bone altar of Kikubaaqudgha.
   499 | D        | Found a hazy altar of Hepliaklqana.
   499 | D        | Found a stormy altar of Qazlal.
   499 | D        | Found a hide-covered altar of Uskayaw.
   499 | D        | Found a blossoming altar of Fedhas.
   499 | D        | Found a bloodstained altar of Trog.
   499 | D        | Found an iron altar of Okawaru.
   499 | D        | Found a basalt altar of Yredelemnul.
   499 | D        | Found a glowing golden altar of the Shining One.
   499 | D        | Found a snail-covered altar of Cheibriados.
   499 | D        | Found a sacrificial altar of Ru.
   499 | D        | Found a glowing silver altar of Zin.
   499 | D        | Found a shadowy altar of Dithmenos.
   499 | D        | Found a white marble altar of Elyvilon.
   499 | D        | Noticed a yak
   514 | D        | Killed a yak
   514 | D        | Reached skill level 1 in Dodging
   514 | D        | Reached XP level 7. HP: 10/63 MP: 7/7
   515 | D        | Found an opulent altar of Gozag.
   798 | D        | Found a sparkling altar of Nemelex Xobeh.
   839 | D        | Found a burning altar of Makhleb.
   839 | D        | Found a viscous altar of Jiyva.
   839 | D        | Found a shimmering altar of Xom.
   839 | D        | Found a corrupted altar of Lugonu.
   839 | D        | Noticed a slime creature
   853 | D        | Killed a slime creature
   853 | D        | Reached skill level 10 in Shields
  1089 | D        | Became a worshipper of Warmaster Okawaru
  1120 | D        | Noticed Sonja
  1136 | D        | HP: 3/63 [Sonja/+2 short sword of venom (1)]
  1141 | D        | Killed Sonja
  1141 | D        | Reached * piety under Okawaru
  1141 | D        | Reached ** piety under Okawaru
  1141 | D        | Reached skill level 10 in Armour
  1141 | D        | Reached skill level 1 in Stealth
  1141 | D        | Reached skill level 11 in Shields
  1141 | D        | Reached XP level 8. HP: 25/71 MP: 8/8
  1253 | D        | Bought a +4 ring of strength for 324 gold pieces
  1587 | D        | Bought a cursed ring of positive energy for 204 gold pieces
  1646 | D        | Noticed a centaur warrior
  1682 | D        | Found Kuphipt's Jewellery Boutique.
  1727 | D        | Noticed a kobold demonologist
  1730 | D        | Noticed a ynoxinul
  1730 | D        | Noticed a kobold demonologist
  1735 | D        | Killed a kobold demonologist
  1735 | D        | Reached *** piety under Okawaru
  1735 | D        | Reached XP level 9. HP: 78/78 MP: 6/9
  1738 | D        | Reached skill level 10 in Fighting
  1738 | D        | Reached skill level 10 in Staves
  1751 | D        | Noticed a hellwing
  1760 | D        | Killed a kobold demonologist
  1760 | D        | Reached skill level 5 in Dodging
  1760 | D        | Reached skill level 12 in Shields
  1762 | D        | Noticed a demonic crawler
  1762 | D        | Noticed a demonic crawler
  1762 | D        | Noticed a demonic crawler
  1762 | D        | Noticed a demonic crawler
  1807 | D        | Killed a demonic crawler
  1807 | D        | Reached skill level 1 in Invocations
  1813 | D        | Killed a demonic crawler
  1818 | D        | Slain by a demonic crawler

Skill      XL: |  1  2  3  4  5  6  7  8  9 |
---------------+----------------------------+-----
Fighting       | 4 6 7 8 9 10 | 10.6
Armour         | 4 6 7 8 10 | 10.9
Shields        | 5 7 8 9 11 12 | 12.7
Staves         | 3 5 6 9 10 | 10.6
Dodging        | 1 3 4 5 |  5.6
Stealth        | 1 2 |  2.0
Invocations    | 1 |  1.3

Action                   |  1- 3 |  4- 6 |  7- 9 || total
-------------------------+-------+-------+-------++-------
Melee: Quarterstaff      |    19 |    28 |    78 ||   125
Invok: Heroism           |       |       |     4 ||     4
  Use: Potion            |       |       |     2 ||     2
  Eat: Ration            |       |       |     1 ||     1
Armor: Scale mail        |     5 |     5 |    29 ||    39
Dodge: Dodged            |     1 |     9 |    37 ||    47
Block: Shield            |     8 |     9 |    67 ||    84
